 Dungeon Crawl Stone Soup version 0.31-a0-166-g46f44d267d (webtiles) character file.

Game seed: 9419356456354009797

1544 Gargoyl the Trooper (level 8, 0/51 HPs)
             Began as a Gargoyle Berserker on June 14, 2023.
             Was a Priest of Trog.
             Shot with an arrow by a centaur warrior (8 damage)
             ... on level 9 of the Dungeon.
             The game lasted 00:05:28 (4368 turns).

Gargoyl the Trooper (Gargoyle Berserker)            Turns: 4368, Time: 00:05:29

Health: 0/51       AC: 14    Str: 20    XL:     8   Next: 87%
Magic:  8/8        EV: 11    Int:  9    God:    Trog [***...]
Gold:   321        SH:  5    Dex: 11    Spells: 7/7 levels left

rFire   + . .        k - +2 long sword (elec)
rCold   . . .        (no shield)
rNeg    + . .        d - +0 scale mail
rPois   ∞            (no helmet)
rElec   +            (no cloak)
rCorr   .            (no gloves)
SInv    .            h - +0 pair of boots
Will    ++...        l - amulet of reflection Stlth
                     s - ring of protection from fire
HPRegen 1.28/turn    (no ring)
MPRegen 0.11/turn

%: reflection
@: strong-willed (expiring), on berserk cooldown, regenerating (expiring),
slowed, very slow
A: sickness immunity, AC +5, negative energy resistance 1, electricity
resistance, torment resistance 1, petrification resistance
a: Renounce Religion, Berserk, Trog's Hand


You were on level 9 of the Dungeon.
You worshipped Trog.
Trog was most pleased with you.
You visited 1 branch of the dungeon, and saw 7 of its levels.

You collected 321 gold pieces.

Inventory:

Hand Weapons
 a - a +0 hand axe
 k - a +2 long sword of electrocution (weapon)
Armour
 d - a +0 scale mail (worn)
 h - a +0 pair of boots (worn)
Jewellery
 l - an amulet of reflection (around neck)
 s - a ring of protection from fire (left hand)
Wands
 o - a wand of digging (1)
 p - a wand of flame (13)
Scrolls
 b - a scroll of brand weapon {unknown}
 i - a scroll of fog {unknown}
 j - 2 scrolls of identify
 m - 3 scrolls of teleportation
 r - a scroll of poison {unknown}
 t - a scroll of enchant armour {unknown}
Potions
 c - 2 potions of enlightenment {unknown}
 e - 2 potions of degeneration {unknown}
 f - 8 potions of curing
 g - a potion of might {unknown}
 n - 2 potions of cancellation {unknown}
 q - a potion of mutation {unknown}


   Skills:
 + Level 5.7 Fighting
 + Level 4.9 Long Blades
 + Level 5.2 Axes
 + Level 5.5 Armour
 + Level 3.3 Dodging
 + Level 1.5 Stealth
 + Level 1.7 Shields


You had 7 spell levels left.
You didn't know any spells.
Your spell library was empty.

Dungeon Overview and Level Annotations

Branches:
Dungeon (6/15)             Temple (0/1) D:6

Altars:
Ashenzari
Dithmenos
Elyvilon
Qazlal
Sif Muna
Zin

Shops:
D:6 :


Innate Abilities, Weirdness & Mutations

You are immune to sickness and miasma.
Your stone body is resilient. (AC +5)
You are immune to poison.
You resist negative energy. (rN+)
You are resistant to electric shocks. (rElec)
You are resistant to unholy torment.
You are immune to petrification.


Message History

The wyvern misses you.
Your skin crawls.
You feel strong-willed. The wyvern closely misses you.
A red film seems to cover your vision as you go berserk!
You feel yourself moving faster!
You feel mighty!
The wyvern bites you but does no damage.
The wyvern bites you!
You slash the wyvern!
The wyvern is moderately wounded.
The wyvern bites you but does no damage.
You slash the wyvern!
The wyvern is severely wounded.
The wyvern closely misses you.
You hit the wyvern.
The wyvern is almost dead.
The wyvern barely misses you.
You slash the wyvern!
You kill the wyvern!
Trog accepts your kill.
A centaur warrior comes into view.
You feel a strong urge to attack something.
The centaur warrior shouts!
The centaur warrior wields a +0 shortbow.
The centaur warrior shoots an arrow.
The arrow hits you!
You feel your anger nearly subside.
You are no longer berserk.
You are exhausted.
You feel yourself slow down.
The centaur warrior shoots an arrow.
The arrow misses you.
The centaur warrior shoots an arrow.
The arrow barely misses you.
The centaur warrior shoots an arrow.
The arrow barely misses you.
The centaur warrior shoots an arrow.
The arrow hits you.
The centaur warrior shoots an arrow.
The arrow hits you!
The centaur warrior shoots an arrow.
The arrow hits you!
* * * LOW HITPOINT WARNING * * *
You see here a scroll labelled GIANIG BICWE.
t - a scroll labelled GIANIG BICWE You feel the effects of Trog's Hand fading.
The centaur warrior shoots an arrow.
The arrow hits you!
You die...

............?#..#
.########.#...#
#...>...#.#.#
#......##.#.#
........##.#.# #
.#[.....##.#.# .#
#########.#.#..##
#...#...#.....#
........@#.#
...........#
...........#
...........#
..c......#.#
#...#...##.#
######### .# .#


You could see a centaur warrior.

Vanquished Creatures
  Sigmund (D:2)
  A wyvern (D:9)
  A sky beast (D:6)
  2 black bears
  2 ogres
  A centaur (D:4)
  A kobold brigand (D:6)
  3 scorpions
  A howler monkey (D:5)
  3 orc priests
  A hound (D:5)
  An iguana (D:4)
  2 sleepcaps
  3 orc wizards
  6 adders
  2 shadow imps
  2 worms
  2 dart slugs
  17 orcs
  6 endoplasms
  A giant cockroach (D:4)
  7 goblins
  5 hobgoblins
  10 kobolds
  A quokka (D:2)
  8 ball pythons
  9 bats
  8 frilled lizards
  5 rats
112 creatures vanquished.

Notes
Turn   | Place    | Note
-------+----------+-------------------------------------------
     0 | D:1      | Gargoyl the Gargoyle Berserker began the quest for the Orb.
     0 | D:1      | Reached XP level 1. HP: 14/14 MP: 1/1
   127 | D:1      | Reached XP level 2. HP: 19/19 MP: 2/2
   823 | D:2      | Reached XP level 3. HP: 22/24 MP: 3/3
   833 | D:2      | Reached ** piety under Trog
  1229 | D:2      | Noticed Sigmund
  1239 | D:2      | Killed Sigmund
  1240 | D:2      | Reached skill level 1 in Stealth
  1240 | D:2      | Reached XP level 4. HP: 30/30 MP: 4/4
  1240 | D:2      | Reached XP level 5. HP: 34/34 MP: 5/5
  1444 | D:3      | Reached XP level 6. HP: 39/39 MP: 6/6
  1600 | D:3      | Found a shimmering blue altar of Sif Muna.
  1720 | D:3      | Reached skill level 5 in Axes
  1783 | D:3      | Found a faded altar of an unknown god.
  2012 | D:3      | Found a glowing silver altar of Zin.
  2013 | D:3      | Found a stormy altar of Qazlal.
  2057 | D:4      | Noticed a black bear
  2064 | D:4      | Killed a black bear
  2065 | D:4      | Reached skill level 1 in Long Blades
  2095 | D:4      | Reached XP level 7. HP: 33/44 MP: 7/7
  2445 | D:4      | Reached skill level 5 in Fighting
  2796 | D:5      | Entered Level 5 of the Dungeon
  3344 | D:5      | Reached XP level 8. HP: 49/49 MP: 8/8
  3442 | D:5      | Reached *** piety under Trog
  3540 | D:5      | Found a broken altar of Ashenzari.
  3767 | D:5      | Reached skill level 1 in Shields
  3998 | D:6      | Reached skill level 5 in Armour
  4045 | D:6      | Found a staircase to the Ecumenical Temple.
  4098 | D:6      | Found a shadowy altar of Dithmenos.
  4237 | D:6      | Found Orchux's Tremendous Tomes.
  4318 | D:6      | Found a white marble altar of Elyvilon.
  4343 | D:6      | You fall into a shaft and drop 3 floors!
  4352 | D:9      | Noticed a wyvern
  4361 | D:9      | Killed a wyvern
  4363 | D:9      | Noticed a centaur warrior
  4368 | D:9      | Shot with an arrow by a centaur warrior

Illustrated notes

Levels and vault maps discovered:
D:1:      amcnicky_arrival_underground_garden, layout_loops_ring
D:2:      layout_basic, minmay_misc_feat_ornament,
          chequers_serial_rivers_small_a, dk_noncrumbling_2,
          grunt_decor_arrowhead, uniq_sigmund
D:3:      layout_rooms, amethyst_overflow_temple_binary,
          nicolae_sif_muna_condensation, hellmonk_ecumenical_altar_prayer_group
D:4:      layout_loops_cross
D:5:      layout_loops_corners, lemuel_round_altar
D:6:      layout_basic, mainiacjoe_overflow_brackets,
          grunt_dithmenos_smoke_and_mirrors, mainiacjoe_overflow_catwalk,
          hangedman_ru_absence, minmay_temple_entry_tees,
          nicolae_shop_i_like_big_books, abandoned_shop, uniq_duvessa,
          uniq_blork_the_orc
D:9:      minmay_separated_statues, layout_rooms, nemelex_spade_bored_becter,
          kennysheep_orc_monster_closet_entryway, nicolae_titane

Skill      XL: |  1  2  3  4  5  6  7  8 |
---------------+-------------------------+-----
Axes           | 3 4 5 |  5.2
Fighting       | 4 5 |  5.7
Armour         | 3 4 5 |  5.5
Dodging        | 2 3 |  3.3
Stealth        | 1 |  1.5
Long Blades    | 1 3 4 |  4.9
Shields        | 1 |  1.7

Action                     |  1- 3 |  4- 6 |  7- 9 || total
---------------------------+-------+-------+-------++-------
  Melee: Hand axe          |   108 |    23 |       ||   131
         Long sword        |       |    64 |   176 ||   240
         Punch             |       |     2 |     1 ||     3
 Invoke: Berserk           |     2 |     3 |     3 ||     8
         Trog's Hand       |     1 |     1 |     3 ||     5
    Use: Scroll            |     1 |     2 |     2 ||     5
         Potion            |       |       |     2 ||     2
   Stab: Sleeping          |     1 |       |       ||     1
 Armour: Animal skin       |     6 |       |       ||     6
         Scale mail        |    60 |    90 |   137 ||   287
  Dodge: Dodged            |    88 |    56 |   112 ||   256
  Block: Other             |       |       |    42 ||    42
         Reflection        |       |       |     1 ||     1

Table legend: (Time is in decaauts)
 A = Elapsed time spent in this place.
 B = Non-inter-level travel time spent in this place.
 C = Inter-level travel time spent in this place.
 D = Time resting spent in this place.
 E = Time spent auto-exploring this place.
 F = Levels seen in this place.
 G = Mean time per level.
                   A        B        C        D        E       F      G
               +--------+--------+--------+--------+--------+-----+--------+
         Total |   4520 |   4359 |    161 |    255 |   2964 |   7 |  645.7 |
       Dungeon |   4520 |   4359 |    161 |    255 |   2964 |   7 |  645.7 |
               +--------+--------+--------+--------+--------+-----+--------+

Top non-repeatable levels by time:
     D:5: 996 daAuts
     D:4: 992 daAuts
     D:1: 802 daAuts
     D:2: 679 daAuts
     D:3: 650 daAuts
     D:6: 375 daAuts
     D:9: 23 daAuts
